3L
SEATTLE ROCKETEERS @ PANAMA CITY PIRANHAS
09/16/2042
 
TOP OF THE 1ST
Seattle Rocketeers batting - Pitching for Panama City Piranhas : RHP Giovanni Mireles
Pitching: RHP Giovanni Mireles
Batting: SHB Lodd Felton 0-0: Bunted foul
0-1: Ball
1-1: Ball
2-1: Foul Ball, location: 2F
2-2: Ball
3-2: Foul Ball, location: 2F
3-2: Foul Ball, location: 2F
3-2: Base on Balls
Batting: RHB Jur Prokop 0-0: Ball
Lodd Felton is caught stealing 2nd base 2-4
1-0: Fly out, F8 (Flyball, 8RM, EV 97.5 MPH)
Batting: RHB Gah-fat Liu 0-0: Called Strike
0-1: Ground out 6-3 (Groundball, 6, EV 103.1 MPH)
Top of the 1st over - 0 runs, 0 hits, 0 errors, 0 left on base; Seattle 0 - Panama City 0
BOTTOM OF THE 1ST
Panama City Piranhas batting - Pitching for Seattle Rocketeers : RHP Gregory Powers
Pitching: RHP Gregory Powers
Batting: LHB Oasiz Wiesblatt 0-0: Called Strike
0-1: Called Strike
0-2: Ball
1-2: SINGLE (Groundball, 6MD, EV 102.5 MPH)
Batting: RHB Cleveland Kraut 0-0: Called Strike
0-1: Grounds into double play, 6-4-3 (Groundball, 6, EV 91.9 MPH)
Batting: RHB Blaze Alexander 0-0: Ball
1-0: Swinging Strike
1-1: Ball
2-1: Swinging Strike
2-2: Foul Ball, location: 2F
2-2: Foul Ball, location: 2F
2-2: Ball
3-2: Ground out 5-3 (Groundball, 5L, EV 82.5 MPH)
Bottom of the 1st over - 0 runs, 1 hit, 0 errors, 0 left on base; Seattle 0 - Panama City 0
TOP OF THE 2ND
Seattle Rocketeers batting - Pitching for Panama City Piranhas : RHP Giovanni Mireles
Batting: RHB Jason Slaybaugh 0-0: Swinging Strike
0-1: Foul Ball, location: 2F
0-2: Ball
1-2: Foul Ball, location: 2F
1-2: Foul Ball, location: 2F
1-2: SINGLE (Line Drive, 8LS, EV 98.8 MPH)
Batting: LHB Manoo Satyavrat 0-0: Called Strike
0-1: Ball
1-1: Ball
2-1: Ball
3-1: Fielders Choice at 2nd, 3-6 (Groundball, 3, EV 91.9 MPH)
Batting: RHB Alain Grosjean 0-0: Ball
1-0: Grounds into double play, 4-6-3 (Groundball, 4, EV 111.2 MPH)
Top of the 2nd over - 0 runs, 1 hit, 0 errors, 0 left on base; Seattle 0 - Panama City 0
BOTTOM OF THE 2ND
Panama City Piranhas batting - Pitching for Seattle Rocketeers : RHP Gregory Powers
Batting: RHB Carsello Scruggins 0-0: Ball
1-0: Called Strike
1-1: Foul Ball, location: 2F
1-2: Ground out 5-3 (Groundball, 56S, EV 87.5 MPH)
Batting: RHB William Penn 0-0: TRIPLE (Line Drive, 78XD, EV 97.5 MPH)
Batting: RHB Silvian Burger 0-0: Swinging Strike
Passed Ball!
William Penn scores
0-1: Swinging Strike
0-2: Ball
1-2: Ball
2-2: SINGLE (Groundball, 56D, EV 103.1 MPH)
Pitching: LHP Dave O'Neil
Batting: LHB Hugh Hill 0-0: Called Strike
0-1: Foul Ball, location: 2F
0-2: Ball
1-2: Ball
2-2: Foul Ball, location: 2F
2-2: Strikes out swinging
Batting: RHB Luke Thornton 0-0: Swinging Strike
0-1: Called Strike
0-2: Ball
1-2: Reached on error, E6 (Groundball, 6, EV 86.2 MPH)
Silvian Burger to second
Batting: RHB Hyeon-cheong Kim 0-0: Swinging Strike
0-1: Foul Ball, location: 2F
0-2: SINGLE (Line Drive, 9LS, EV 112.5 MPH)
Silvian Burger to third
Luke Thornton to second
Batting: LHB Oasiz Wiesblatt 0-0: Called Strike
0-1: Ball
1-1: Ball
2-1: Foul Ball, location: 2F
2-2: Foul Ball, location: 2F
2-2: Fly out, F9 (Flyball, 89S, EV 87.5 MPH)
Bottom of the 2nd over - 1 run, 3 hits, 1 error, 3 left on base; Seattle 0 - Panama City 1
TOP OF THE 3RD
Seattle Rocketeers batting - Pitching for Panama City Piranhas : RHP Giovanni Mireles
Batting: RHB Dana O'Quinlevan 0-0: Ball
1-0: Ball
2-0: Ground out 6-3 (Groundball, 6, EV 85.6 MPH)
Batting: LHB Seung-jae Kyong 0-0: Ball
1-0: Fly out, F3 (Popup, 23F, EV 78.1 MPH)
Batting: RHB Yakamochi Ota 0-0: Ball
1-0: Ball
2-0: Ball
3-0: Called Strike
3-1: Ground out 6-3 (Groundball, 6, EV 101.9 MPH)
Top of the 3rd over - 0 runs, 0 hits, 0 errors, 0 left on base; Seattle 0 - Panama City 1
BOTTOM OF THE 3RD
Panama City Piranhas batting - Pitching for Seattle Rocketeers : LHP Dave O'Neil
Batting: RHB Cleveland Kraut 0-0: Ball
1-0: Ball
2-0: Ground out 5-3 (Groundball, 56, EV 86.2 MPH)
Batting: RHB Blaze Alexander 0-0: Ball
1-0: Ground out 5-3 (Groundball, 5, EV 83.8 MPH)
Batting: RHB Carsello Scruggins 0-0: Foul Ball, location: 2F
0-1: Called Strike
0-2: Strikes out swinging
Bottom of the 3rd over - 0 runs, 0 hits, 0 errors, 0 left on base; Seattle 0 - Panama City 1
TOP OF THE 4TH
Seattle Rocketeers batting - Pitching for Panama City Piranhas : RHP Giovanni Mireles
Batting: SHB Lodd Felton 0-0: Ball
1-0: Ball
2-0: Ball
3-0: Called Strike
3-1: Foul Ball, location: 2F
3-2: Foul Ball, location: 2F
3-2: Strikes out looking
Batting: RHB Jur Prokop 0-0: Swinging Strike
0-1: Ball
1-1: Ball
2-1: Foul Ball, location: 2F
2-2: Strikes out swinging
Batting: RHB Gah-fat Liu 0-0: Ball
1-0: Called Strike
1-1: Foul Ball, location: 2F
1-2: Ball
2-2: Ball
3-2: SINGLE (Groundball, 6MD, EV 94.4 MPH)
Batting: RHB Jason Slaybaugh 0-0: Foul Ball, location: 2F
0-1: Ball
1-1: SINGLE (Groundball, 6D, EV 109.4 MPH)
Gah-fat Liu to second
Batting: LHB Manoo Satyavrat 0-0: Foul Ball, location: 2F
0-1: Ball
1-1: Fly out, F9 (Line Drive, 9D, EV 89.4 MPH)
Top of the 4th over - 0 runs, 2 hits, 0 errors, 2 left on base; Seattle 0 - Panama City 1
BOTTOM OF THE 4TH
Panama City Piranhas batting - Pitching for Seattle Rocketeers : LHP Dave O'Neil
Batting: RHB William Penn 0-0: Ball
1-0: Called Strike
1-1: Ball
2-1: Foul Ball, location: 2F
2-2: Ball
3-2: Foul Ball, location: 2F
3-2: SINGLE (Flyball, 89S, EV 86.2 MPH) - OUT at second base trying to stretch hit.
Batting: RHB Silvian Burger 0-0: Called Strike
0-1: Called Strike
0-2: Ball
1-2: Foul Ball, location: 2F
1-2: Foul Ball, location: 2F
1-2: Foul Ball, location: 2F
1-2: Foul Ball, location: 2F
1-2: Foul Ball, location: 2F
1-2: Ball
2-2: Ball
3-2: Strikes out swinging
Batting: LHB Hugh Hill 0-0: Swinging Strike
0-1: Ball
1-1: Ball
2-1: Swinging Strike
2-2: Foul Ball, location: 2F
2-2: Ball
3-2: Foul Ball, location: 2F
3-2: Foul Ball, location: 2F
3-2: Base on Balls
Batting: RHB Luke Thornton 0-0: Called Strike
0-1: SINGLE (Groundball, 56D, EV 106.2 MPH)
Hugh Hill to second
Batting: RHB Hyeon-cheong Kim 0-0: SINGLE (Line Drive, 34, EV 96.9 MPH)
Hugh Hill to third
Luke Thornton to second
Runner from 3rd tries for Home, SAFE, throw by RF to home
Batting: LHB Oasiz Wiesblatt 0-0: Ball
1-0: SINGLE (Groundball, 56D, EV 96.9 MPH)
Luke Thornton to third
Hyeon-cheong Kim to second
Runner from 3rd tries for Home, SAFE, throw by LF to home
Batting: RHB Cleveland Kraut 0-0: Ball
1-0: Swinging Strike
1-1: DOUBLE (Flyball, 89D, EV 102.5 MPH)
Hyeon-cheong Kim scores
Oasiz Wiesblatt to third
Runner from 3rd tries for Home, SAFE, no throw by CF
Batting: RHB Blaze Alexander 0-0: Called Strike
0-1: Ground out 5-3 (Groundball, 56, EV 91.9 MPH)
Bottom of the 4th over - 4 runs, 5 hits, 0 errors, 1 left on base; Seattle 0 - Panama City 5
TOP OF THE 5TH
Seattle Rocketeers batting - Pitching for Panama City Piranhas : RHP Giovanni Mireles
Batting: RHB Alain Grosjean 0-0: Swinging Strike
0-1: Called Strike
0-2: Ground out 5-3 (Groundball, 5, EV 90.6 MPH)
Batting: RHB Dana O'Quinlevan 0-0: Ball
1-0: DOUBLE (Groundball, 5L, EV 103.1 MPH)
Batting: LHB Seung-jae Kyong 0-0: DOUBLE (Line Drive, 7LS, EV 95.0 MPH)
Dana O'Quinlevan scores
Batting: RHB Yakamochi Ota 0-0: Called Strike
0-1: Ball
1-1: Called Strike
1-2: Strikes out swinging
Batting: SHB Lodd Felton 0-0: Ground out 4-3 (Groundball, 4, EV 84.4 MPH)
Top of the 5th over - 1 run, 2 hits, 0 errors, 1 left on base; Seattle 1 - Panama City 5
BOTTOM OF THE 5TH
Panama City Piranhas batting - Pitching for Seattle Rocketeers : LHP Dave O'Neil
Batting: RHB Carsello Scruggins 0-0: Swinging Strike
0-1: Ball
1-1: Ball
2-1: Called Strike
2-2: Foul Ball, location: 2F
2-2: Strikes out swinging
Batting: RHB William Penn 0-0: Ball
1-0: Ball
2-0: Ball
3-0: Ground out 1-3 (Groundball, P, EV 61.9 MPH)
Batting: RHB Silvian Burger 0-0: Ball
1-0: Ball
2-0: Foul Ball, location: 2F
2-1: Swinging Strike
2-2: Ball
3-2: Ground out 5-3 (Groundball, 56, EV 100.6 MPH)
Bottom of the 5th over - 0 runs, 0 hits, 0 errors, 0 left on base; Seattle 1 - Panama City 5
TOP OF THE 6TH
Seattle Rocketeers batting - Pitching for Panama City Piranhas : RHP Giovanni Mireles
Batting: RHB Jur Prokop 0-0: Called Strike
0-1: Ball
1-1: Called Strike
1-2: Ball
2-2: Foul Ball, location: 2F
2-2: SOLO HOME RUN (Flyball, 7D, EV 92.5 MPH), Distance : 357 ft
Batting: RHB Gah-fat Liu 0-0: SINGLE (Line Drive, 4D, EV 95.0 MPH)
Batting: RHB Jason Slaybaugh 0-0: Ball
1-0: Ball
2-0: Ball
3-0: Called Strike
3-1: Fly out, F9 (Flyball, 9S, EV 85.6 MPH)
Batting: LHB Manoo Satyavrat 0-0: Called Strike
0-1: Ball
1-1: Ball
2-1: Foul Ball, location: 2F
2-2: SINGLE (Flyball, 9LS, EV 93.1 MPH)
Gah-fat Liu to second
Runner from 2nd tries for 3rd, SAFE, no throw by RF
Pitching: LHP Ramón Barrueco
Batting: RHB Alain Grosjean 0-0: Ball
1-0: Swinging Strike
1-1: Called Strike
1-2: Strikes out swinging
Batting: RHB Dana O'Quinlevan 0-0: Called Strike
0-1: Swinging Strike
0-2: Ball
1-2: Ball
2-2: Ball
Passed Ball!
Gah-fat Liu scores
Manoo Satyavrat to second
3-2: Fly out, F7 (Flyball, 7LM, EV 83.1 MPH)
Top of the 6th over - 2 runs, 3 hits, 0 errors, 1 left on base; Seattle 3 - Panama City 5
BOTTOM OF THE 6TH
Panama City Piranhas batting - Pitching for Seattle Rocketeers : LHP Dave O'Neil
Batting: LHB Hugh Hill 0-0: Ball
1-0: Foul Ball, location: 2F
1-1: Ground out 5-3 (Groundball, 56S, EV 86.9 MPH)
Batting: RHB Luke Thornton 0-0: Called Strike
0-1: Foul Ball, location: 2F
0-2: Ball
1-2: Foul Ball, location: 2F
1-2: DOUBLE (Line Drive, 89M, EV 102.5 MPH)
Batting: RHB Hyeon-cheong Kim 0-0: Ball
1-0: Called Strike
1-1: Ball
2-1: Ground out 4-3 (Groundball, 4, EV 83.8 MPH)
Luke Thornton to third
Batting: LHB Oasiz Wiesblatt 0-0: Ball
1-0: Called Strike
1-1: Foul Ball, location: 2F
1-2: Ball
2-2: Fly out, F8 (Line Drive, 8RD, EV 91.9 MPH)
Bottom of the 6th over - 0 runs, 1 hit, 0 errors, 1 left on base; Seattle 3 - Panama City 5
TOP OF THE 7TH
Seattle Rocketeers batting - Pitching for Panama City Piranhas : LHP Ramón Barrueco
Batting: LHB Seung-jae Kyong 0-0: SINGLE (Groundball, 4MD, EV 99.4 MPH)
Batting: RHB Yakamochi Ota 0-0: Ball
1-0: Ball
2-0: Swinging Strike
2-1: Called Strike
2-2: Strikes out swinging
Batting: SHB Lodd Felton 0-0: Ball
1-0: Called Strike
1-1: Ball
2-1: Ball
3-1: Foul Ball, location: 2F
3-2: Fielders Choice at 2nd, 1-4 (Groundball, 15S, EV 61.9 MPH)
Batting: RHB Jur Prokop 0-0: Ball
Lodd Felton steals 2nd base
1-0: Fly out, F3 (Popup, 3SF, EV 70.0 MPH)
Top of the 7th over - 0 runs, 1 hit, 0 errors, 1 left on base; Seattle 3 - Panama City 5
BOTTOM OF THE 7TH
Panama City Piranhas batting - Pitching for Seattle Rocketeers : LHP Dave O'Neil
Batting: RHB Cleveland Kraut 0-0: Ball
1-0: Ball
2-0: Foul Ball, location: 2F
2-1: Foul Ball, location: 2F
2-2: Ground out 6-3 (Groundball, 6, EV 84.4 MPH)
Batting: RHB Blaze Alexander 0-0: Foul Ball, location: 2F
0-1: Ball
1-1: SINGLE (Groundball, 34, EV 101.2 MPH) (infield hit)
Pitching: LHP Jeffery Clayton
Batting: RHB Carsello Scruggins 0-0: Called Strike
0-1: Foul Ball, location: 2F
0-2: Ball
1-2: Ball
2-2: Foul Ball, location: 2F
2-2: Foul Ball, location: 2F
2-2: Foul Ball, location: 2F
2-2: Grounds into double play, 5-4-3 (Groundball, 56, EV 100.6 MPH)
Bottom of the 7th over - 0 runs, 1 hit, 0 errors, 0 left on base; Seattle 3 - Panama City 5
TOP OF THE 8TH
Seattle Rocketeers batting - Pitching for Panama City Piranhas : LHP Ramón Barrueco
Batting: RHB Gah-fat Liu 0-0: Swinging Strike
0-1: Ball
1-1: Swinging Strike
1-2: Foul Ball, location: 2F
1-2: Ball
2-2: Ball
3-2: SINGLE (Groundball, 56D, EV 98.1 MPH)
Batting: RHB Jason Slaybaugh 0-0: Foul Ball, location: 2F
0-1: Foul Ball, location: 2F
0-2: Ball
1-2: Ball
2-2: Ball
Wild Pitch!
Gah-fat Liu to second
3-2: SINGLE (Groundball, 6MD, EV 105.0 MPH)
Gah-fat Liu to third
Runner from 3rd tries for Home, SAFE, throw by CF to home
Pitching: RHP Jonathan Lentz
Batting: LHB Manoo Satyavrat 0-0: Swinging Strike
0-1: Fielders Choice at 2nd, 6-4 (Groundball, 6M, EV 96.9 MPH)
Batting: RHB Alain Grosjean 0-0: Ball
1-0: Ball
2-0: Foul Ball, location: 2F
2-1: Foul Ball, location: 2F
2-2: Foul Ball, location: 2F
2-2: Strikes out swinging
Batting: RHB Dana O'Quinlevan 0-0: Called Strike
0-1: Fly out, F8 (Flyball, 8LXD, EV 91.2 MPH)
Top of the 8th over - 1 run, 2 hits, 0 errors, 1 left on base; Seattle 4 - Panama City 5
BOTTOM OF THE 8TH
Panama City Piranhas batting - Pitching for Seattle Rocketeers : LHP Jeffery Clayton
Batting: RHB William Penn 0-0: Swinging Strike
0-1: Ball
1-1: Fly out, F8 (Line Drive, 8LD, EV 104.4 MPH)
Batting: RHB Silvian Burger 0-0: Ground out 5-3 (Groundball, 5, EV 87.5 MPH)
Batting: LHB Hugh Hill 0-0: Ball
1-0: Foul Ball, location: 2F
1-1: Foul Ball, location: 2F
1-2: Foul Ball, location: 2F
1-2: Fly out, F7 (Flyball, 78S, EV 86.9 MPH)
Bottom of the 8th over - 0 runs, 0 hits, 0 errors, 0 left on base; Seattle 4 - Panama City 5
TOP OF THE 9TH
Seattle Rocketeers batting - Pitching for Panama City Piranhas : RHP Jonathan Lentz
Batting: LHB Seung-jae Kyong 0-0: Called Strike
0-1: Ground out 6-3 (Groundball, 6D, EV 98.8 MPH)
Pinch Hitting: RHB Mathew Mayo 0-0: Ball
1-0: SINGLE (Line Drive, 56D, EV 108.8 MPH)
Batting: SHB Lodd Felton 0-0: Ball
1-0: Foul Ball, location: 2F
1-1: Ball
2-1: Ball
3-1: Called Strike
3-2: Strikes out swinging
Batting: RHB Jur Prokop 0-0: Ball
1-0: Ball
2-0: Ball
3-0: Fly out, F8 (Flyball, 89S, EV 98.8 MPH)
Top of the 9th over - 0 runs, 1 hit, 0 errors, 1 left on base; Seattle 4 - Panama City 5
Friday, March 26th, 2021 - OOTP Baseball 20.8 Build 74